 Dungeon Crawl Stone Soup version 0.30.0-2-g1aa4bd4387 (webtiles) character file.

Game seed: 17155245164927996397

27 Leibowitz the Poker (level 3, 0/28 HPs)
             Began as a Merfolk Gladiator on May 7, 2023.
             Slain by a gnoll
             ... wielding a +0 whip
              (5 damage)
             ... on level 2 of the Dungeon.
             The game lasted 00:02:19 (861 turns).

Leibowitz the Poker (Merfolk Gladiator)              Turns: 861, Time: 00:02:20

Health: 0/28       AC:  4    Str: 14    XL:     3   Next: 10%
Magic:  3/3        EV: 13    Int:  7    God:
Gold:   77         SH:  0    Dex: 17    Spells: 2/2 levels left

rFire   . . .        a - +0 trident
rCold   . . .        (no shield)
rNeg    . . .        b - +0 leather armour
rPois   .            c - +0 helmet
rElec   .            (no cloak)
rCorr   .            (no gloves)
SInv    .            (no boots)
Will    .....        (no amulet)
Stlth   +            (no ring)
HPRegen 0.24/turn    (no ring)
MPRegen 0.08/turn

%: no passive effects
@: invisible
A: (nimble swimmer 2), mertail
a: no special abilities


You were on level 2 of the Dungeon.
You visited 1 branch of the dungeon, and saw 2 of its levels.

You collected 77 gold pieces.

Inventory:

Hand Weapons
 a - a +0 trident (weapon)
Missiles
 d - 3 throwing nets (quivered)
 e - a javelin
Armour
 b - a +0 leather armour (worn)
 c - a +0 helmet (worn)
Scrolls
 g - a scroll of immolation {unknown}
 h - a scroll of teleportation {unknown}
 i - a scroll of identify {unknown}
Potions
 j - a potion of berserk rage {unknown}
 k - a potion of curing {unknown}
 l - a potion of haste {unknown}


   Skills:
 * Level 2.5 Fighting
 * Level 4.7 Polearms
 - Level 2.0 Throwing
 * Level 0.4 Armour
 * Level 4.4 Dodging


You had 2 spell levels left.
You didn't know any spells.
Your spell library contained the following spells:

 Spells                   Type           Power      Damage    Failure   Level
 Blink                    Tloc           0%         N/A       65%         2
 Manifold Assault         Tloc           0%         N/A       99%         4
 Storm Form               Tmut/Air       0%         N/A       100%        7


Dungeon Overview and Level Annotations

Branches:
Dungeon (2/15)

Altars:


Innate Abilities, Weirdness & Mutations

((You are very nimble when in or above water. (Stealth+, EV+, Speed+++)))
Your lower body shifts to a powerful aquatic tail in water.


Message History

You hit the gnoll.
The gnoll is severely wounded.
The gnoll completely misses you.
You hit the gnoll but do no damage.
The gnoll is heavily wounded.
The gnoll closely misses you.
You puncture the gnoll!
The gnoll is almost dead.
You hit the gnoll.
You kill the gnoll!
You have reached level 3!
Your experience leads to an increase in your attributes!
Increase (S)trength, (I)ntelligence, or (D)exterity?
You feel agile. x2
You puncture the gnoll!
The gnoll is heavily wounded.
You barely miss the gnoll. The gnoll hits you with a +0 whip.
You hit the gnoll but do no damage. The gnoll closely misses you.
You hit the gnoll.
The gnoll is lightly wounded.
The gnoll closely misses you.
You hit the gnoll.
The gnoll is lightly wounded.
The gnoll barely misses you. The gnoll hits you but does no damage.
You barely miss the gnoll. You punch the gnoll.
The gnoll is heavily wounded.
The gnoll hits you with a +0 whip.
* * * LOW HITPOINT WARNING * * *
The gnoll hits you from afar with a +0 halberd.
* * * LOW HITPOINT WARNING * * *
You hit the gnoll.
The gnoll is severely wounded.
The gnoll closely misses you.
You barely miss the gnoll.
The gnoll is severely wounded.
The gnoll closely misses you.
You hit the gnoll but do no damage.
The gnoll is severely wounded.
The gnoll hits you with a +0 whip.
You die...

#.# ### #.#
.># #.# #.#
#.# #.# #.#
#.# #.# #.#
#.# #g#####.#
#gg@....#
#.####### #.#
######.##
#....gg.#
#.......#
#....)..#####
#............
#......>.#.#.


You could see 3 gnolls.

Vanquished Creatures
  A gnoll (D:2)
  2 endoplasms (D:1)
  A kobold (D:2)
  A quokka (D:1)
  8 ball pythons (D:1)
  A bat (D:1)
  3 frilled lizards (D:1)
  A goblin (D:1)
  A rat (D:1)
19 creatures vanquished.

Notes
Turn   | Place    | Note
-------+----------+-------------------------------------------
     0 | D:1      | Leibowitz the Merfolk Gladiator began the quest for the
                  | Orb.
     0 | D:1      | Reached XP level 1. HP: 16/16 MP: 1/1
   226 | D:1      | Reached XP level 2. HP: 22/22 MP: 2/2
   853 | D:2      | Reached XP level 3. HP: 12/28 MP: 3/3
   861 | D:2      | Slain by a gnoll

Illustrated notes

Levels and vault maps discovered:
D:1:      evilmike_arrival_plus, layout_basic
D:2:      layout_basic, grunt_decor_cap, minmay_misc_feat_tiny,
          nicolae_eternal_life

Action                     || total
---------------------------++-------
  Melee: Trident           ||    61
         Punch             ||     2
    Use: Potion            ||     1
   Stab: Sleeping          ||     1
 Armour: Leather armour    ||    12
  Dodge: Dodged            ||    50
